 Dungeon Crawl Stone Soup version 0.20-a0-504-g2c65edc (webtiles) character file.

14 Kaname the Charmwright (level 2, 0/22 HPs)
             Began as a Demonspawn Skald on Jan 21, 2017.
             Slain by a hobgoblin
             ... wielding a +0 club
              (4 damage)
             ... on level 1 of the Dungeon.
             The game lasted 00:01:51 (608 turns).

Kaname the Charmwright (Demonspawn Skald)            Turns: 608, Time: 00:01:51

Health: 0/22       AC:  3    Str: 11    XL:     2   Next: 27%
Magic:  3/5        EV: 11    Int: 14    God:
Gold:   13         SH:  0    Dex: 12    Spells: 0/5 levels left

rFire    . . .     SeeInvis .   a - +0 short sword
rCold    . . .     Gourm    .   b - +0 leather armour
rNeg     . . .     Faith    .   (no shield)
rPois    .         Spirit   .   (no helmet)
rElec    .         Reflect  .   (no cloak)
rCorr    .         Harm     .   (no gloves)
MR       .....                  (no boots)
Stlth    +.........             (no amulet)
Regen    0.1/turn               (no ring)
                                (no ring)

@: shrouded
A: hooves 1
a: no special abilities


You were on level 1 of the Dungeon.
You were not hungry.

You visited 1 branch of the dungeon, and saw 1 of its levels.

You collected 13 gold pieces.

Inventory:

Hand Weapons
 a - a +0 short sword (weapon)
Armour
 b - a +0 leather armour (worn)
Scrolls
 e - a scroll of identify {unknown}
 g - a scroll of noise {unknown}
Books
 c - a book of Battle

   Spells                             Type                      Level
   a - Infusion                       Charms                       1
   b - Shroud of Golubria             Charms/Translocation         2
   c - Song of Slaying                Charms                       2
   d - Spectral Weapon                Hexes/Charms                 3
   e - Regeneration                   Charms/Necromancy            3
Comestibles
 d - 2 bread rations
 f - a royal jelly


   Skills:
 - Level 2.0 Fighting
 - Level 2.0 Short Blades
 - Level 0.8 Armour
 - Level 1.7 Dodging
 - Level 2.0 Spellcasting
 + Level 3.2 Charms


You couldn't memorise any spells.
You knew the following spells:

 Your Spells              Type           Power        Failure   Level  Hunger
a - Infusion              Chrm           ##..         10%         1    ##.....
b - Song of Slaying       Chrm           ##......     14%         2    ###....
c - Shroud of Golubria    Chrm/Tloc      #.........   24%         2    ###....


Dungeon Overview and Level Annotations

Branches:
Dungeon (1/15)

Altars:


Innate Abilities, Weirdness & Mutations

You have large cloven feet.


Message History

You kick the hobgoblin, but do no damage.
The hobgoblin is moderately wounded.
The hobgoblin hits you with a club.
* * * LOW HITPOINT WARNING * * *
You hit the hobgoblin but do no damage.
The hobgoblin is moderately wounded.
The hobgoblin misses you.
You hit the hobgoblin.
The hobgoblin is heavily wounded.
You hit the hobgoblin.
The hobgoblin is severely wounded.
The hobgoblin closely misses you. The hobgoblin hits you with a club.
* * * LOW HITPOINT WARNING * * *
You see here a club.
There is an open door here.
Cast which spell? (? or * to list) Space distorts slightly along a thin shroud covering your body.
The hobgoblin hits you with a club.
You die...

#....(..# #...# #######.#.....#
#.(.# ........#.....# #...#
###########.############...######
.................((..).....#.....
###################.####.........
#####.....(...# #.# #..##.....
............<.#####.#####.##.....
######........'g@>#.....#.##.....
# ##........#####..##.#.##..... #
##...#.....# #.......##..... #
##...###....#####.###.#..#.....
###...## ##.####.................
##...## #.# #.######..#....#..
#...## #.# #.#....#..#....###
...## #.####.#.##.####......#
#### #......#..#....รท.......


You could see a hobgoblin.

Vanquished Creatures
  A leopard gecko (D:1)
  2 giant cockroaches (D:1)
  A hobgoblin (D:1)
  4 jackals (D:1)
  A ball python (D:1)
  A frilled lizard (D:1)
  A kobold (D:1)
11 creatures vanquished.

Notes
Turn   | Place    | Note
-------+----------+-------------------------------------------
     0 | D:1      | Kaname the Demonspawn Skald began the quest for the Orb.
     0 | D:1      | Reached XP level 1. HP: 16/16 MP: 3/3
   195 | D:1      | Reached skill level 3 in Charms
   499 | D:1      | Gained mutation: You have large cloven feet. [demonic ancestry]
   499 | D:1      | Reached XP level 2. HP: 22/22 MP: 5/5
   536 | D:1      | Learned a level 2 spell: Song of Slaying
   539 | D:1      | Learned a level 2 spell: Shroud of Golubria
   566 | D:1      | HP: 1/22 [hobgoblin/club (5)]
   608 | D:1      | Slain by a hobgoblin

Vault maps used:
D:1:      elethiomel_arrival_shortcut, serial_glass, glass_columns_b,
          glass_columns_b, tso_metal_star

Skill      XL: |  1 |
---------------+----+-----
Short Blades   | 2 |  2.0
Charms         | 3 |  3.2
Fighting       | |  2.0
Armour         | |  0.8
Dodging        | |  1.7
Spellcasting   | |  2.0

Action                   || total
-------------------------++-------
Melee: Short sword       ||    70
       Kick              ||     9
 Cast: Shroud of Golubri ||     1
Armor: Leather armour    ||    14
Dodge: Dodged            ||    48
